 Dungeon Sprint DCSS version 0.21-a0-70-g32e1473 (webtiles) character file.

34 Kidiri the Skirmisher (level 3, -9/37 HPs)
             Began as a Naga Fighter on June 18, 2017.
             Was an Initiate of Cheibriados.
             Mangled by a large abomination (32 damage)
             ... in the Dungeon (Sprint V: "Ziggurat Sprint").
             The game lasted 00:02:15 (139 turns).

Kidiri the Skirmisher (Naga Fighter)                 Turns: 139, Time: 00:02:15

Health: -9/37      AC: 13    Str: 25    XL:     3   Next: 31%
Magic:  1/4        EV: -3    Int:  9    God:    Cheibriados [......]
Gold:   0          SH: 28    Dex: 18    Spells: 2/2 levels left

rFire    + . .     SeeInvis +   J - +14 obsidian axe {chop, +Fly SInv *Curse} (curse)
rCold    + . .     Gourm    .   K - +18 shield of the Gong {rElec rN+ MR+ EV-5}
rNeg     + . .     Faith    .   a - +5 gold dragon scales
rPois    +         Spirit   .   (no helmet)
rElec    +         Reflect  .   (no cloak)
rCorr    .         Harm     .   (no gloves)
MR       +....     NoTele   +   (no barding)
Stlth    ..........             (no amulet)
HPRegen  0.12/turn              y - +6 ring of dexterity
MPRegen  0.09/turn              D - +6 ring of strength

@: mesmerised, very slow
A: see invisible, deformed body, poison resistance, slowness 2, slow metabolism
1, spit poison 1, AC +1
a: Spit Poison, Bend Time, Renounce Religion, Evoke Flight


You were in the Dungeon.
You worshipped Cheibriados.
Cheibriados was noncommittal.
You were not hungry.

You visited 1 branch

Inventory:

Hand Weapons
 J - the cursed +14 obsidian axe (weapon) {chop, +Fly SInv *Curse}
   (You found it in the Dungeon)

   It inflicts extra damage upon your enemies.
   It lets you see invisible.
   It lets you fly.
   It curses itself when equipped.
   It has a curse placed upon it.
Armour
 a - +5 gold dragon scales (worn)
 K - the +18 shield of the Gong (worn) {rElec rN+ MR+ EV-5}
   (You found it in the Dungeon)

   It affects your evasion (-5).
   It insulates you from electricity.
   It protects you from negative energy.
   It affects your resistance to hostile enchantments.
Jewellery
 y - a +6 ring of dexterity (left hand)
 A - a +6 ring of dexterity
 D - a +6 ring of strength (right hand)
 E - a +6 ring of strength
Wands
 F - a wand of disintegration (7/24)
 G - a wand of iceblast (5/15)
 H - a wand of lightning (5/15)
 I - a wand of acid (5/15)
Scrolls
 k - 4 scrolls of blinking
 q - 4 scrolls of amnesia
 r - 3 scrolls of recharging
 s - 7 scrolls of fog
 t - a scroll of holy word
 u - 5 scrolls of identify
 v - 5 scrolls of remove curse
 w - 2 scrolls of fear
Potions
 d - 6 potions of might
 e - 10 potions of curing
 g - 10 potions of heal wounds
 i - 7 potions of magic
 l - 2 potions of brilliance
 m - 2 potions of invisibility
 n - 4 potions of resistance
 p - 5 potions of agility
Comestibles
 f - 5 bread rations
 x - 42 fruits
 z - 4 meat rations


   Skills:
 * Level 4.5 Fighting
 * Level 3.8 Axes
 * Level 3.6 Armour
 + Level 1.7 Dodging
 + Level 3.2 Stealth
 * Level 3.8 Shields
 + Level 2.4 Invocations
 + Level 2.0 Evocations


You had 2 spell levels left.
You didn't know any spells.

Dungeon Overview and Level Annotations

Branches:
Dungeon (1/1)

Altars:
Ashenzari
Cheibriados
Dithmenos
Elyvilon
Fedhas
Gozag
Hepliaklqana
Kikubaaqudgha
Makhleb
Nemelex Xobeh
Okawaru
Qazlal
Ru
Sif Muna
Trog
Uskayaw
Vehumet
Wu Jian
Xom
Yredelemnul
Zin
The Shining One
Beogh
Jiyva
Lugonu

Annotations:
D 1 transporter


Innate Abilities, Weirdness & Mutations

You cannot wear boots.
Your serpentine skin is tough. (AC +1)
You have supernaturally acute eyesight. (SInv)
Armour fits poorly on your strangely shaped body.
Your system is resistant to poisons. (rPois)
You cover ground very slowly.
You have a slow metabolism.
You can spit poison.


Message History

SHROANNG!
You slash the large abomination!
The large abomination is almost destroyed.
You block the large abomination's attack.
PANG!
You closely miss the large abomination.
The large abomination is almost destroyed.
You block the large abomination's attack.
GONNNNG!
The large abomination hits you!
Unknown command.
You hit the large abomination.
The large abomination is almost destroyed.
You block the large abomination's attack.
GONNNNG!
Your shield and gold dragon scales prevent you from hitting the large abomination.
The large abomination is almost destroyed.
The large abomination hits you!!
Ouch! That really hurt!
You die...

▓▓▓▓▓▓▓
▓.8©8.▓
▓.....▓
▓.".).▓
▓.....▓
▓..X..▓
▓..@..▓
▓▓▓▓▓▓▓


You could see a large abomination.

Vanquished Creatures
  An iron imp (D)
1 creature vanquished.

Vanquished Creatures (others)
  A spatial maelstrom (D)
1 creature vanquished.

Grand Total: 2 creatures vanquished

Notes
Turn   | Place    | Note
-------+----------+-------------------------------------------
     0 | D        | Kidiri the Naga Fighter began the quest for the Orb.
     0 | D        | Reached XP level 1. HP: 21/21 MP: 1/1
     0 | D        | Found a deep blue altar of Sif Muna.
     0 | D        | Found a bloodstained altar of Trog.
     0 | D        | Found a sacrificial altar of Ru.
     0 | D        | Found a stormy altar of Qazlal.
     0 | D        | Found an iron altar of Okawaru.
     3 | D        | Found a sparkling altar of Nemelex Xobeh.
     3 | D        | Found a blossoming altar of Fedhas.
     5 | D        | Found a transporter.
     5 | D        | Found an ancient bone altar of Kikubaaqudgha.
     5 | D        | Found a viscous altar of Jiyva.
     5 | D        | Found a corrupted altar of Lugonu.
     5 | D        | Found a hazy altar of Hepliaklqana.
     5 | D        | Found a burning altar of Makhleb.
     5 | D        | Found an opulent altar of Gozag.
     7 | D        | Banished a spatial maelstrom
   111 | D        | Became a worshipper of Cheibriados the Contemplative
   112 | D        | Reached skill level 4 in Fighting
   112 | D        | Reached skill level 1 in Dodging
   112 | D        | Reached skill level 1 in Evocations
   112 | D        | Reached XP level 2. HP: 30/30 MP: 1/3
   130 | D        | Entered arena 2.
   130 | D        | Noticed a large abomination
   130 | D        | Found a transporter.
   133 | D        | Reached XP level 3. HP: 37/37 MP: 0/4
   139 | D        | Mangled by a large abomination

Vault maps used:
D:        sprint_v

Skill      XL: |  1  2 |
---------------+-------+-----
Fighting       | 4 |  4.5
Axes           | 3 |  3.8
Armour         | 3 |  3.6
Dodging        | 1 |  1.7
Stealth        | 2 3 |  3.2
Shields        | 3 |  3.8
Invocations    | 2 |  2.4
Evocations     | 1 2 |  2.0

Action                   || total
-------------------------++-------
Melee: Broad axe         ||     8
Invok: Bend Time         ||     1
  Use: Potion            ||     1
Block: Shield            ||     7
